 Dungeon Crawl Stone Soup version 0.17-a0-1850-g688e747 (webtiles) character file.

88 MikeDS the Cudgeler (level 4, 0/39 HPs)
             Began as a Hill Orc Fighter on Sept 19, 2015.
             Was an Initiate of Okawaru.
             Slain by an orc (2 damage)
             ... on level 3 of the Dungeon.
             The game lasted 00:07:54 (1953 turns).

MikeDS the Cudgeler (Hill Orc Fighter)              Turns: 1953, Time: 00:07:56

Health: 0/39       AC:  8    Str: 18    XL:     4   Next: 53%
Magic:  4/4        EV:  7    Int:  8    God:    Okawaru [......]
Gold:   70         SH:  9    Dex: 11    Spells: 0 memorised, 3 levels left

rFire  . . .     SeeInvis .     a - +0 flail
rCold  . . .     Clarity  .     b - +0 scale mail
rNeg   . . .     SustAt   .     c - +0 shield
rPois  .         Gourm    .     i - +0 helmet
rElec  .         Spirit   .     (no cloak)
rCorr  .         Warding  .     (no gloves)
rMut   .         Stasis   .     (no boots)
MR     .....                    (no amulet)
Stlth  ..........               (no ring)
                                (no ring)

@: not resistant to hostile enchantments, extremely unstealthy
A: no striking features
a: Renounce Religion


You were on level 3 of the Dungeon.
You worshipped Okawaru.
Okawaru was noncommittal.
You were not hungry.

You visited 1 branch of the dungeon, and saw 3 of its levels.

You collected 70 gold pieces.

Inventory:

Hand weapons
 a - a +0 flail (weapon)
Missiles
 o - 3 tomahawks (quivered)
Armour
 b - a +0 scale mail (worn)
 c - a +0 shield (worn)
 i - a +0 helmet (worn)
Scrolls
 g - a scroll of enchant weapon {unknown}
 k - 2 scrolls of recharging {unknown}
 m - a scroll of immolation {unknown}
 n - a scroll of teleportation {unknown}
 p - a scroll of identify {unknown}
Potions
 d - a potion of might
 f - a potion of lignification {unknown}
 j - a potion of curing {unknown}
Comestibles
 e - a bread ration
 h - a royal jelly
 l - 5 chunks of flesh


   Skills:
 - Level 3.6 Fighting
 + Level 4.6 Maces & Flails
 - Level 3.2 Armour
 - Level 1.0 Dodging
 - Level 0.3 Stealth
 - Level 3.2 Shields


You had 3 spell levels left.
You didn't know any spells.

Dungeon Overview and Level Annotations

Branches:
Dungeon (3/15)

Altars:
Dithmenos
Elyvilon
Gozag
Makhleb
Okawaru
Qazlal

Annotations:
D:2 Sigmund


Message History

You miss the orc.
The orc is heavily wounded.
The orc hits you.
* * * LOW HITPOINT WARNING * * *
Something hits you but does no damage. The orc barely misses you.
You miss something. Something hits you.
* * * LOW HITPOINT WARNING * * *
The orc hits you but does no damage. Something hits you but does no damage.
You closely miss something.
An orc wizard appears from thin air!
Reactivating autopickup.
The orc closely misses you.
The orc wizard hits you but does no damage.
The orc wizard hits you but does no damage.
Your shield and scale mail prevent you from hitting the orc wizard.
The orc wizard is lightly wounded.
You feel less confused. The orc hits you.
* * * LOW HITPOINT WARNING * * *
You block the orc wizard's attack. The orc hits you.
You die...

........'.'..._.
........###.....
........###.....
................
................
###.............
#............. #####
#........#....
##.#@###........#....
#...oo##........#####
##.#†###........#
#.....##........#
##.#.###........#
#......#........#
##.#)#.#'########
#...............
##.#.#..........


You could see an orc wizard and an orc.

Vanquished Creatures
  6 adders (D:3)
  5 orcs (D:3)
  A ball python (D:3)
  A bat (D:3)
  4 giant cockroaches
  3 hobgoblins
  A jackal (D:3)
  5 kobolds
  2 giant newts
  A goblin (D:1)
29 creatures vanquished.

Notes
Turn   | Place    | Note
--------------------------------------------------------------
     0 | D:1      | MikeDS the Hill Orc Fighter began the quest for the Orb.
     0 | D:1      | Reached XP level 1. HP: 19/19 MP: 1/1
   659 | D:2      | Reached XP level 2. HP: 26/26 MP: 2/2
   743 | D:2      | Noticed Sigmund
   913 | D:3      | Reached XP level 3. HP: 31/31 MP: 3/3
   926 | D:3      | Found a white marble altar of Elyvilon.
   987 | D:3      | Found a burning altar of Makhleb.
  1529 | D:3      | Reached skill level 1 in Dodging
  1667 | D:3      | Found a stormy altar of Qazlal.
  1684 | D:3      | Found an iron altar of Okawaru.
  1685 | D:3      | Found an opulent altar of Gozag.
  1694 | D:3      | Became a worshipper of Warmaster Okawaru
  1711 | D:3      | Reached skill level 4 in Maces & Flails
  1762 | D:3      | Reached XP level 4. HP: 28/39 MP: 4/4
  1779 | D:3      | Found a shadowy altar of Dithmenos.
  1953 | D:3      | Slain by an orc

Vault maps used:
D:1:      dpeg_arrival_central
D:2:      old_standard_altar, first_bread, uniq_natasha, uniq_sigmund
D:3:      grunt_dithmenos_smoke, old_standard_altar,
          gammafunk_temple_overflow_statue, overflow_temple_1_default,
          st_stairs_13, elyvilon_altar_4

Action                   |  1- 3 |  4- 6 || total
-------------------------+-------+-------++-------
Melee: Flail             |   105 |    52 ||   157
Throw: Tomahawk          |       |     2 ||     2
  Eat: Meat ration       |     1 |       ||     1
